[Event "E Women's Grand Prix | Fourth Leg 2022/23"]
[Site "Chess.com"]
[Date "2023.05.17"]
[Round "2"]
[White "Assaubayeva, Bibissara"]
[Black "Shuvalova, Polina"]
[Result "0-1"]
[WhiteElo "2464"]
[BlackElo "2484"]
[ECO "D35"]
[EventDate "2023.??.??"]
[Annotator "rafael"]
[PlyCount "114"]
[Beauty "6533739972133"]
[EventType "swiss"]
[EventRounds "11"]
[EventCountry "FID"]
[TimeControl "5400+30"]

1.c4 e6 2.Nc3 d5 3.d4 Nf6 4.cxd5 exd5 5.Bg5 Be7 6.e3 h6 {The Queen's Gambit Declined is probably the classical defense that has changed the most in recent years, with new plans for the black side being discovered.} 7.Bh4 Bg4 $5 {[%c_effect g4;square;g4;type;Interesting;persistent;true] A surprising and fresh idea. In the long history of this defense that has been played for ages, this is not an easy feat. This move was played by Carlsen in 2023, and no doubt its theory will develop quickly.} 8.Qb3 {The critical reply, threatening the pawns on b7 and d5. If White is not going to take on b7, however, it probably makes more sense to develop the queen on c2 immediately.} ( 8.Qa4+ c6 9.Bd3 O-O 10.h3 Bh5 11.Qc2 c5 $1 {[%c_effect c5;square;c5;type;GreatFind;persistent;true] with good play for Black in a complicated position. Maghsoodloo-Carlsen, Tata Steel 2023.} ) ( 8.f3 Be6 9.Bd3 c5 {with equality.} ) ( 8.Qc2 O-O 9.h3 Bh5 ( 9...Be6 ) 10.Bxf6 Bxf6 11.Qf5 Bg6 12.Qxd5 Nc6 {with compensation for the pawn in Malek-Bartel, Warsaw 2023.} ) 8...Nbd7 $1 9.h3 ( 9.Qxb7 $2 {[%c_effect b7;square;b7;type;Mistake;persistent;true] Taking the pawn is bad as White has no development.} 9...Rb8 10.Qxa7 Rxb2 {with a much better position for Black.} ) ( 9.Bg3 {is a move the computer likes in order to take on b7 later.} 9...O-O 10.Bd3 c5 ( 10...Nb6 {is also possible.} ) 11.Qxb7 cxd4 12.exd4 Ne4 13.Bxe4 dxe4 14.Nge2 {with a complicated position.} ) 9...Be6 10.Bd3 c5 11.Qc2 {It's clear that something didn't work well for White in the opening. Black has a fine position.} 11...c4 {This advance is never an easy decision in this structure.} ( 11...cxd4 {is also possible, but less adventurous.} 12.exd4 O-O 13.Nge2 {with equality.} ) 12.Bf5 Bxf5 13.Qxf5 O-O ( 13...b5 {This move can be played here or in the next move.} 14.a3 ( 14.Nxb5 $2 Qb6 ) ) 14.Nge2 g6 {It's natural to remove the queen from its advanced post, but Black can seize the chance to advance the queenside.} ( 14...b5 $1 15.a3 a6 {with a balanced position.} ) 15.Qf3 ( 15.Qc2 {is also possible.} ) 15...Qb6 16.O-O g5 17.Bg3 Qe6 {An interesting plan to defend the d5-pawn.} 18.Bh2 $1 {[%c_effect h2;square;h2;type;GreatFind;persistent;true] A very nice move, preparing Ng3 to exploit the weakness of the f5-square.} 18...Ne4 19.Nxe4 dxe4 20.Qh5 Kh7 21.Nc3 {White is a bit better because of the passed d-pawn and Black's overextended pawn structure.} 21...f5 22.Qe2 Nf6 23.Rad1 ( 23.d5 {is not enough for an advantage.} 23...Nxd5 24.Qxc4 Nf4 ( 24...Rad8 {This is also good.} 25.Rad1 Qc6 $1 ) ) 23...Rad8 24.Be5 ( 24.f3 {is also a possible plan.} 24...exf3 25.Qxf3 Nd5 26.Be5 {with a slight advantage for White.} ) 24...Bb4 $1 25.Bxf6 ( 25.a3 {Maybe it's better to ask for Black's intentions straight away. If the knight is captured, White is slightly better after} 25...Bxc3 26.bxc3 ) 25...Rxf6 26.Qc2 ( 26.d5 Qe5 $5 ( 26...Qa6 ) 27.Qxc4 Bd6 28.g3 h5 {with good compensation for the pawn.} ) 26...h5 {An agressive move. The game is high-level.} 27.Ne2 b5 28.h4 $1 {[%c_effect h4;square;h4;type;GreatFind;persistent;true] A good move, getting the f4-square for the knight.} 28...Rg8 ( 28...gxh4 29.Nf4 Qf7 30.f3 $1 exf3 31.Rxf3 {with good play for White.} ) 29.hxg5 Rxg5 30.Nf4 Qc6 {A curious square for the queen, not afraid of the d-pawn advance.} ( 30...Qe8 {is possible.} ) 31.Qe2 Bd6 32.d5 Qb6 33.Ne6 Rg4 34.f3 exf3 35.Qxf3 ( 35.Rxf3 {Capturing with the rook seems more logical, as it can go to h3 and White can also double rooks on the f-file.} ) 35...Be5 36.Rf2 Kg6 {The idea of this move is to protect the h5-pawn and prepare the move Rg3.} 37.Nf4+ ( 37.Nd4 $5 Bxd4 38.Rxd4 Rxd4 39.exd4 Qxd4 40.Qg3+ Qg4 41.Qe5 {White's compensation is enough for a draw, for instance:} 41...Qe4 42.Qg3+ Qg4 ) 37...Kh6 38.Kf1 ( 38.Ne6 $2 Rg3 {Now the h5-pawn is defended.} ) ( 38.Qe2 $5 {[%c_effect e2;square;e2;type;Interesting;persistent;true] is interesting, avoiding the advance b5-b4. If Black captures on f4, then after} 38...Bxf4 39.exf4 Rxf4 40.Qd2 $1 Qxf2+ 41.Qxf2 Rxf2 42.Kxf2 {White has excellent compensation for the pawn as the king is marching very quickly toward the center.} ) 38...b4 $1 39.Re2 $6 ( 39.g3 $1 {[%c_effect g3;square;g3;type;GreatFind;persistent;true] is better, preparing Rh2.} ) 39...a5 40.Rc2 c3 41.Nd3 $2 {[%c_effect d3;square;d3;type;Mistake;persistent;true] A losing mistake.} ( 41.bxc3 {It's better to capture the pawn.} 41...bxc3 42.Rf2 ) 41...Rg3 42.Qf2 Qb5 $6 ( 42...f4 $1 {[%c_effect f4;square;f4;type;GreatFind;persistent;true] wins on the spot. The point is} 43.exf4 Rxd3 $1 44.Rxd3 Rxf4 45.Rf3 Qxf2+ 46.Kxf2 Rxf3+ 47.Kxf3 cxb2 {The b-pawn decides the game.} ) 43.Qe2 Qxd5 44.Nxb4 $6 ( 44.Nf4 {is better, although the position remains difficult after} 44...Qf7 $1 ) 44...Qe4 45.Nd5 Rfg6 46.Nf4 Bxf4 47.exf4 Qxf4+ 48.Qf2 Qg4 $2 {[%c_effect g4;square;g4;type;Mistake;persistent;true] This move throws away the win.} ( 48...Qc4+ $1 49.Kg1 ( 49.Qe2 Qh4 $1 50.Qf2 Qh1+ 51.Qg1 Rf3+ {with a nice win.} ) 49...Qe4 {Now 50.Qd4 is not possible because the g2-pawn is captured with check.} 50.bxc3 Rxg2+ 51.Qxg2 Qxc2 $1 {[%c_effect c2;square;c2;type;GreatFind;persistent;true] Winning material.} ) 49.Re1 $2 ( 49.Qd4 $1 {[%c_effect d4;square;d4;type;GreatFind;persistent;true] This move saves White since the queens are exchanged.} ) 49...cxb2 $2 {[%c_effect b2;square;b2;type;Mistake;persistent;true] Giving White another chance.} ( 49...h4 ) 50.Rxb2 $2 ( 50.Qd2+ $1 {[%c_effect d2;square;d2;type;GreatFind;persistent;true] This move again forces the exchange of queens.} 50...Qg5 51.Rxb2 {with excellent drawing chances.} ) 50...Qh4 $1 {[%c_effect h4;square;h4;type;GreatFind;persistent;true] Black is winning again.} 51.Qc5 Qh1+ 52.Qg1 Rf3+ $1 53.Rf2 Rxf2+ ( 53...Rxg2 $3 {[%c_effect g2;square;g2;type;Brilliant;persistent;true] This move gets extra points for the pretty finish.} 54.Re6+ ( 54.Qxh1 Rfxf2# ) 54...Kg5 55.Qxh1 Rfxf2+ 56.Ke1 Rxa2 57.Kf1 Rgf2+ 58.Kg1 Ra1+ 59.Kxf2 Rxh1 {with a winning rook endgame.} ) 54.Kxf2 Qh4+ 55.g3 ( 55.Kf1 Qc4+ ) 55...Qd4+ 56.Kf3 Qd5+ 57.Kf2 f4 0-1

[Event "E Women's Grand Prix | Fourth Leg 2022/23"]
[Site "Chess.com"]
[Date "2023.05.18"]
[Round "3"]
[White "Shuvalova, Polina"]
[Black "Mammadzada, Gunay"]
[Result "1-0"]
[WhiteElo "2484"]
[BlackElo "2449"]
[ECO "B42"]
[EventDate "2023.??.??"]
[Annotator "Rafael Leitao"]
[PlyCount "155"]
[Beauty "5429375533574"]
[EventType "swiss"]
[EventRounds "11"]
[EventCountry "FID"]
[TimeControl "5400+30"]

1.e4 c5 2.Nf3 e6 3.d4 cxd4 4.Nxd4 a6 {The Paulsen Variation of the Sicilian is not a frequent guest in strong tournaments anymore. It's not that there's something particularly bad with it. It's just that other options are simply better.} 5.Bd3 Nf6 6.O-O Qc7 7.c4 d6 8.Nc3 Nbd7 {Black's opening choice is playable but passive. There's no doubt White has the advantage in this so-called \"hedgehog\" setup.} 9.a4 {A rare move.} ( 9.Be3 ) ( 9.f4 ) 9...Ne5 ( 9...b6 10.a5 {In the hedgehog, the best strategy is to play with patience. I don't like this plan.} 10...bxa5 11.Nb3 a4 12.Rxa4 Rb8 {with chances for both sides in Garriga Cazorla-Bellon Lopez, Stockholm 2022.} ) 10.b3 Nxd3 11.Qxd3 Be7 12.Rd1 {A positional plan. White can also play for an attack advancing the pawn to f4 and later to f5. For this plan, the rook is useful on its initial square.} ( 12.f4 O-O 13.Bd2 ) 12...O-O 13.Nde2 b6 14.Ba3 Rd8 15.Qg3 Bb7 16.f3 Rac8 17.Rd2 {The problem with Black's position is that there's no active plan available. The pawn breakthroughs on d5 and b5 are well protected.} 17...Nh5 {A nice move. Mammadzada's play is very creative.} ( 17...Nd7 $2 {[%c_effect d7;square;d7;type;Mistake;persistent;true] It would be very good to bring the knight to c5, but it loses a pawn on the way.} 18.Bxd6 ) ( 17...Ne8 18.Rad1 {With a normal position. White is better, but it's not easy to break the resistance.} ) 18.Qf2 Bg5 $1 {[%c_effect g5;square;g5;type;GreatFind;persistent;true] Inviting White to play f4, when the b7-bishop will have more life.} 19.Rd3 ( 19.f4 Be7 ) 19...Nf4 $1 20.Nxf4 Bxf4 21.Ne2 ( 21.Rad1 Be5 22.Ne2 d5 $1 {[%c_effect d5;square;d5;type;GreatFind;persistent;true] The game becomes sharp since the h2-pawn is attacked.} ) 21...Bg5 $2 {[%c_effect g5;square;g5;type;Mistake;persistent;true] The wrong square. After} ( 21...Be5 $1 {[%c_effect e5;square;e5;type;GreatFind;persistent;true] Black has an acceptable position. Without the knight on c3, it's easier to achieve the breaks on d5 or b5.} 22.Rc1 ( 22.Rad1 b5 $1 23.cxb5 axb5 24.axb5 Qa5 {with counterplay.} ) 22...h6 ) 22.Rad1 Be7 23.Qg3 {Now, Mammadzada is forced to make a huge positional concession to protect the d6-pawn.} 23...e5 {Fatally weakening the d5-square.} 24.Nc3 {White has a strategically winning position.} 24...Bf8 25.Qf2 Bc6 26.Nd5 Bxd5 27.Rxd5 Rd7 28.Qd2 Rcd8 29.Bb2 ( 29.f4 $1 {[%c_effect f4;square;f4;type;GreatFind;persistent;true] is the most accurate way to play. Black loses a pawn.} 29...f6 ( 29...exf4 30.e5 {is decisive.} ) 30.fxe5 ( 30.f5 {is also winning, followed by the advance of the kingside pawns.} ) 30...fxe5 31.Bb2 {The e5-pawn will be captured due to the pin.} ) 29...f6 30.h4 Re8 31.Ba3 Re6 32.Qf2 Qc6 33.Kh2 Rf7 34.Qd2 Rd7 35.Qd3 h5 36.a5 $6 {[%c_effect a5;square;a5;type;Inaccuracy;persistent;true] There's no reason to rush. White can improve the position further. A possible plan is to place the queen behind the rooks.} ( 36.Qe3 ) 36...Rb7 37.Bxd6 $2 {[%c_effect d6;square;d6;type;Mistake;persistent;true] And this is just bad. It wins a pawn but offers the opponent excellent drawing chances in the rook endgame.} ( 37.b4 bxa5 38.Rxa5 {keeps a clear positional advantage.} ) 37...Bxd6 38.Rxd6 Rxd6 39.Qxd6 Qxd6 40.Rxd6 bxa5 41.Rxa6 Rxb3 42.Rxa5 Rc3 43.Rc5 Kh7 {This endgame should be a draw, but we all know how rook endings are difficult to play.} 44.Kg3 Kh6 45.Rc8 Rc2 46.c5 Kh7 47.c6 g6 ( 47...Kg6 {is also good.} ) 48.c7 {This is always a difficult move to play, as now the king loses its hiding spot from the checks if it marches to the queenside.} 48...Kg7 49.Kh2 Rc1 50.g3 Kh7 51.Kg2 g5 $2 {[%c_effect g5;square;g5;type;Mistake;persistent;true] There's always a mistake waiting to be made in rook endgames.} ( 51...Kg7 {is the right move, and there's no winning plan for White. The best she can achieve is a theoretically drawn endgame after} 52.f4 Rc2+ 53.Kf3 Rc5 54.fxe5 fxe5 55.Re8 Rxc7 56.Rxe5 ) 52.Rf8 Rxc7 53.Rxf6 gxh4 54.gxh4 {The endgame is winning now. The e5-pawn will fall, leaving White with two strong passed pawns.} 54...Rc5 55.Rf5 Kg6 56.Kf2 Ra5 57.Ke3 Ra3+ ( 57...Rc5 58.Kd3 Kh6 59.f4 {wins.} ) 58.Ke2 Ra5 59.Kd3 Kh6 60.Kc3 Ra1 61.Kd3 Rh1 ( 61...Ra5 {is not enough:} 62.Kc4 Kg6 63.Kb4 Ra1 64.Kc5 Rh1 65.Kd5 Rxh4 66.Kxe5 {with a similar position to what we get in the game.} ) 62.Rxe5 Rxh4 63.Ke3 Kg6 64.Ra5 Kf6 65.Kf2 Kg6 66.Kg2 Kh6 67.Ra6+ Kg7 68.Ra1 Rf4 69.Kg3 Rf7 70.f4 Re7 71.Kf3 Rb7 72.f5 Rb2 73.Kf4 Rg2 74.Kf3 Rg5 75.Ra2 $1 {[%c_effect a2;square;a2;type;GreatFind;persistent;true] An elegant move. There's no defense against 76.Rg2, exchanging rooks.} 75...Kf6 76.Rg2 h4 77.Rxg5 Kxg5 78.Kg2 1-0

[Event "E Women's Grand Prix | Fourth Leg 2022/23"]
[Site "Chess.com"]
[Date "2023.05.20"]
[Round "5"]
[White "Kiolbasa, Oliwia"]
[Black "Harika, Dronavalli"]
[Result "0-1"]
[WhiteElo "2422"]
[BlackElo "2501"]
[ECO "C78"]
[EventDate "2023.??.??"]
[Annotator "rafael"]
[PlyCount "90"]
[Beauty "7285606711325"]
[EventType "swiss"]
[EventRounds "11"]
[EventCountry "FID"]
[TimeControl "5400+30"]

1.e4 e5 2.Nf3 Nc6 3.Bb5 a6 4.Ba4 Nf6 5.O-O Bc5 {A tricky move order in the Arkhangelsk Variation. I remember this was recommended to me by my friend GM Ivan Morovic in 2001, but I was too lazy to study it and I was happy playing the Sicilian.} 6.c3 b5 7.Bb3 ( 7.Bc2 {is the alternative and in this case Black usually plays} 7...d5 ) 7...d6 8.d4 Bb6 9.h3 ( 9.a4 {White normally plays a4 in this line and the idea of the earlier …Bc5 is that now, instead of 9...Rb8 transposing to the normal positions of the Arkhangelsk, Black can play 9...Bg4. Whether this is so good, I don't know.} 9...Bg4 ) 9...Bb7 10.Re1 h6 $5 {[%c_effect h6;square;h6;type;Interesting;persistent;true] An interesting move to avoid the annoying pin with Bg5.} ( 10...O-O 11.Bg5 {with a complicated position that has been tested many times.} ) 11.Be3 O-O 12.Nbd2 Re8 ( 12...exd4 13.cxd4 Nb4 {This has been tried by Black in many games, but it's bad after} 14.Qe2 $1 Nxe4 15.Nxe4 Bxe4 16.Bd2 Bxf3 17.Qxf3 c5 18.Qg3 {with a very strong attack. The pair of bishops is ready to point at Black's lonely king. This was played in Azarov-Kolesnik, Minsk 2010.} ) 13.d5 Ne7 ( 13...Bxe3 $2 {[%c_effect e3;square;e3;type;Mistake;persistent;true] loses a piece after} 14.dxc6 Bxd2 15.cxb7 ) 14.Bxb6 cxb6 15.Nh4 $6 {[%c_effect h4;square;h4;type;Inaccuracy;persistent;true] This is a superficial move. I think that, in general, the absence of the move a2-a4 was the reason for White's downfall in this game.} ( 15.a4 $1 {[%c_effect a4;square;a4;type;GreatFind;persistent;true] is the best way to fight for an advantage.} 15...bxa4 16.Bxa4 b5 17.Bc2 Ng6 18.Bd3 {with a slight advantage for White in Vitiugov-Firouzja, Wijk aan Zee 2020. White is ready to attack Black's queenside with b4 followed by c4.} ) ( 15.Nf1 {is also playable.} ) 15...Bc8 ( 15...g5 {Even this move is interesting for Black.} 16.Nf5 Nxf5 17.exf5 Rc8 18.Ne4 Nxe4 19.Rxe4 Qf6 20.Qf3 Rc5 21.Rd1 Bc8 22.g4 Bd7 {and the game later ended in a draw. Vachier Lagrave-Bachmann, Wch Rapid Berlin 2015.} ) 16.Nf1 Ng6 $1 {[%c_effect g6;square;g6;type;GreatFind;persistent;true] A new move. It reminds me of the famous Ng6 from the fifth game of the Spassky-Fischer 1972 match.} ( 16...Bd7 {was played in Vokhidov-Kairbekove, (rapid) 2022.} ) ( 16...g5 {is also good:} 17.Nf3 Ng6 {with counterplay.} ) 17.Nxg6 {Considering how easy Black's position is to play after this move, maybe it's worth considering the sad retreat of the knight, although this is an admission of failure.} ( 17.Nf3 ) 17...fxg6 18.Ng3 Rf8 {The best thing in chess happens when you have a clear plan and just know what to do if your opponent sits and waits. Dronavalli is ready to play Nh7-Ra7-Raf7-Ng5 and then sacrifice something on the kingside. White desperately needs to create some play and trying to open the queenside with a quick c4 or a4 is the only hope. In the game the advantage soon becomes winning.} 19.Qd2 Nh7 20.Qe3 Ra7 $1 21.Nf1 ( 21.Nh1 {My computer suggests this move to protect f2. It's ugly, but sometimes pretty moves are not enough to save the game.} ) 21...Raf7 22.Nd2 {The position is so bad that White offers the f2-pawn in order to get some defensive chances.} ( 22.Re2 Ng5 ) 22...Ng5 ( 22...Rxf2 {This is also very good.} 23.Rf1 ( 23.Qxf2 Rxf2 24.Kxf2 Qh4+ {Black's pieces are too active and the position is easily winning.} ) 23...R2f4 {with a sound pawn advantage.} ) 23.Bd1 Rf4 ( 23...Rxf2 $1 {[%c_effect f2;square;f2;type;GreatFind;persistent;true] Now this is even better than in the previous move.} 24.Qxf2 Rxf2 25.Kxf2 Bxh3 $1 {[%c_effect h3;square;h3;type;GreatFind;persistent;true] The most accurate.} 26.gxh3 Nxh3+ 27.Ke3 Qh4 28.Rf1 g5 {The advance of the g-pawn, combined with the attack of queen and knight, gives Black a decisive advantage.} ) 24.Rf1 Bd7 {This doesn't spoil anything, but it is a bit slow. The position screams for a sacrifice.} ( 24...Bxh3 $1 {[%c_effect h3;square;h3;type;GreatFind;persistent;true] is the best.} 25.gxh3 Qd7 {Black's attack is winning:} 26.Bg4 ( 26.Qg3 Nxh3+ 27.Kg2 Rxf2+ 28.Rxf2 Rxf2+ 29.Qxf2 Nxf2 30.Kxf2 Qh3 {followed by the advance of the g-pawn.} ) ( 26.Kg2 Rf3 $1 {[%c_effect f3;square;f3;type;GreatFind;persistent;true] This tactical theme is known as \"interference.\" The h3-pawn falls.} ) 26...Rxg4+ 27.hxg4 Rf3 $1 28.Nxf3 Qxg4+ 29.Kh1 Nxf3 {with a decisive advantage.} ) 25.a4 {The counterplay comes too late.} 25...bxa4 26.c4 ( 26.Bxa4 {It's clear that both sacrifices on h3 should win for Black. The best road is} 26...Nxh3+ $1 27.gxh3 Bxh3 $1 28.Qxh3 Qg5+ 29.Qg3 Rg4 {with a winning position as the knight on d2 is also hanging.} ) 26...b5 27.cxb5 axb5 {Apart from the attack, Dronavalli now is a pawn up.} 28.b3 axb3 ( 28...Nxh3+ 29.gxh3 Rh4 {gives Black a decisive attack.} ) 29.Rb1 Rh4 30.Rxb3 Rff4 {Maybe not the most accurate, but the position is still easily winning.} ( 30...Nxh3+ $1 {[%c_effect h3;square;h3;type;GreatFind;persistent;true] is the simplest.} 31.gxh3 Rxh3 32.Nf3 ( 32.f3 Qh4 $19 ) ( 32.Bf3 Qh4 $19 ) ( 32.Qxh3 Bxh3 33.Rxh3 Qg5+ {and the knight is lost.} ) 32...Bg4 33.Kg2 Rhxf3 34.Bxf3 Bxf3+ 35.Qxf3 Rxf3 36.Rxf3 Qc8 {with an easy win in this position with queen and three pawns against two rooks.} ) 31.g3 Rxe4 32.Nxe4 Rxe4 33.Qd2 Nxh3+ 34.Kg2 Ng5 {Black has three pawns and an attack for the exchange.} 35.Re1 Rc4 36.Be2 Rd4 37.Rd3 Ra4 38.Bd1 Rc4 39.Bb3 Rc5 40.Qe3 Qc8 {Dronavally plays good moves and has no trouble converting the advantage.} 41.f3 Bf5 42.Rdd1 Bc2 $1 ( 42...Rc3 {also wins using the same idea:} 43.Rc1 Bc2 $1 44.Rxc2 Qh3+ $1 ) 43.Bxc2 Qh3+ 44.Kg1 Qxg3+ 45.Kf1 Qh3+ ( 45...Qh3+ 46.Kg1 Rxc2 ) 0-1